 Dungeon Crawl Stone Soup version 0.29.1-1-gd02db6906a (webtiles) character file.

Game seed: 10280977886669359458

4 H0rd4k the Insei (level 1, 0/13 HPs)
             Began as an Octopode Transmuter on Oct 17, 2022.
             Slain by an endoplasm (1 damage)
             ... on level 1 of the Dungeon.
             The game lasted 00:00:11 (98 turns).

H0rd4k the Insei (Octopode Transmuter)                Turns: 98, Time: 00:00:12

Health: 0/13       AC:  1    Str:  9    XL:     1   Next: 60%
Magic:  3/3        EV: 13    Int: 15    God:
Gold:   23         SH:  0    Dex: 12    Spells: 3/4 levels left

rFire   . . .      SeeInvis .     - Unarmed
rCold   . . .      Faith    .   (no shield)
rNeg    . . .      Spirit   .   (helmet restricted)
rPois   .          Reflect  .   (no amulet)
rElec   .          Harm     .   (no ring)
rCorr   .          Rampage  .   (no ring)
Will    .....                   (no ring)
Stlth   ++........              (no ring)
HPRegen 0.04/turn               (no ring)
MPRegen 0.08/turn               (no ring)
                                (no ring)
                                (no ring)

@: no status effects
A: almost no armour, amphibious, 8 rings, camouflage 1, gelatinous body 1,
(nimble swimmer 1), tentacles
a: no special abilities


You were on level 1 of the Dungeon.
You visited 1 branch of the dungeon, and saw 1 of its levels.

You collected 23 gold pieces.

Inventory:

Scrolls
 b - a scroll of teleportation {unknown}
Potions
 a - a potion of lignification


   Skills:
 + Level 1.0 Fighting
 + Level 2.0 Dodging
 + Level 0.1 Stealth
 + Level 3.1 Unarmed Combat
 + Level 2.0 Spellcasting
 + Level 2.0 Transmutations


You had 3 spell levels left.
You knew the following spells:

 Your Spells              Type           Power      Damage    Failure   Level
a - Beastly Appendage     Tmut           14%        N/A       10%         1

Your spell library contained the following spells:

 Spells                   Type           Power      Damage    Failure   Level
 Wereblood                Tmut           7%         N/A       14%         2
 Spider Form              Tmut/Pois      4%         N/A       41%         3
 Ice Form                 Ice/Tmut       4%         N/A       82%         4


Dungeon Overview and Level Annotations

Branches:
Dungeon (1/15)

Altars:


Innate Abilities, Weirdness & Mutations

You cannot wear most types of armour.
You are amphibious.
You can wear up to eight rings at the same time.
Your skin changes colour to match your surroundings (Stealth+).
Your rubbery body absorbs attacks. (AC +1, EV +1)
((You are camouflaged when in or above water. (Stealth+)))
You have tentacles for arms and can constrict up to eight enemies at once.


Message History

A frilled lizard comes into view.
The frilled lizard hisses angrily.
The endoplasm quivers.
Found 3 stones.
The helpless hobgoblin fails to defend itself.
You tentacle-slap the hobgoblin. You grab the hobgoblin.
You squeeze the hobgoblin.
You kill the hobgoblin!
There are monsters nearby!
Found a scroll labelled URUHYAH ULUUSI and a scroll labelled MUKIURR UPNUAT.
The endoplasm closely misses you.
There are monsters nearby!
You tentacle-slap the endoplasm.
The endoplasm is lightly wounded.
The endoplasm freezes you.
You are frozen.
The frilled lizard bites you.
There are monsters nearby!
You are too injured to fight recklessly!
There are monsters nearby!
You are too injured to fight recklessly!
There are monsters nearby!
You are too injured to fight recklessly!
There are monsters nearby!
You are too injured to fight recklessly!
Unknown command.
You tentacle-slap the endoplasm.
The endoplasm is severely wounded.
The frilled lizard barely misses you. The endoplasm freezes you.
You are frozen.
* * * LOW HITPOINT WARNING * * *
You barely miss the endoplasm.
You squeeze the endoplasm, but do no damage.
The endoplasm is severely wounded.
The frilled lizard barely misses you. The endoplasm barely misses you.
You tentacle-slap the endoplasm but do no damage.
You squeeze the endoplasm.
The endoplasm is almost dead.
The frilled lizard misses you. The endoplasm hits you.
You die...

......#. ......?.
#..#...# ## #..... .##
##.$. ###....# ..##....
. #....#.###....# .
#....J.......### #.
#...l@........# ###.##
#....#.####..........).
#.#. #.. ###.####.... #
.#.# ........ .( .#
##.... ... ?# #....
#### .. ####.... #.
>....... ..#.....


You could see an endoplasm and a frilled lizard.

Vanquished Creatures
  A bat (D:1)
  A hobgoblin (D:1)
  A kobold (D:1)
3 creatures vanquished.

Notes
Turn   | Place    | Note
-------+----------+-------------------------------------------
     0 | D:1      | H0rd4k the Octopode Transmuter began the quest for the Orb.
     0 | D:1      | Reached XP level 1. HP: 13/13 MP: 3/3
    98 | D:1      | Slain by an endoplasm

Illustrated notes

Levels and vault maps discovered:
D:1:      dpeg_arrival_long_road, layout_rooms

Action                   || total
-------------------------++-------
Melee: Unarmed           ||     7
       Tentacles         ||     3
       Constrict         ||     2
       Punch             ||     1
 Stab: Sleeping          ||     2
Dodge: Dodged            ||     6
